 Dungeon Crawl Stone Soup version 0.28.0-47-ge53b351184 (webtiles) character file.

Game seed: 16924537713970238333

82 Bruhh the Changer (level 4, -1/32 HPs)
             Began as a Merfolk Transmuter on Apr 28, 2022.
             Slain by a black bear (8 damage)
             ... on level 3 of the Dungeon.
             The game lasted 00:04:40 (4290 turns).

Bruhh the Changer (Merfolk Transmuter)              Turns: 4290, Time: 00:04:41

Health: -1/32      AC:  2    Str: 10    XL:     4   Next: 43%
Magic:  5/8        EV: 20    Int: 14    God:
Gold:   112        SH:  0    Dex: 19    Spells: 5/9 levels left

rFire   . . .      SeeInvis .     - Unarmed
rCold   . . .      Faith    .   (shield currently unavailable)
rNeg    . . .      Spirit   .   (armour currently unavailable)
rPois   x          Reflect  .   (helmet currently unavailable)
rElec   .          Harm     .   (cloak currently unavailable)
rCorr   .          Rampage  .   (gloves currently unavailable)
Will    .....                   (boots currently unavailable)
Stlth   ++........              (no amulet)
HPRegen 0.10/turn               (no ring)
MPRegen 0.11/turn               (no ring)

@: spider-form
A: venomous fangs, tiny, (nimble swimmer 2), (mertail)
a: End Transformation


You were on level 3 of the Dungeon.
You were a venomous arachnid creature.
You visited 1 branch of the dungeon, and saw 3 of its levels.

You collected 112 gold pieces.

Inventory:

Hand Weapons
 c - a +3 dagger (melded)
Missiles
 h - 6 silver javelins
Armour
 a - a +0 robe (melded)
Scrolls
 b - a scroll of amnesia {unknown}
 e - a scroll of fog {unknown}
 g - a scroll of immolation {unknown}
 j - a scroll of identify {unknown}
 k - a scroll of enchant weapon {unknown}
Potions
 d - 2 potions of heal wounds {unknown}
 f - a potion of flight {unknown}
 i - a potion of haste {unknown}
 l - a potion of curing {unknown}


   Skills:
 - Level 1.1 Fighting
 - Level 2.6 Dodging
 - Level 3.2 Unarmed Combat
 - Level 3.0 Spellcasting
 + Level 5.1 Transmutations


You had 5 spell levels left.
You knew the following spells:

 Your Spells              Type           Power      Damage    Failure   Level
a - Beastly Appendage     Tmut           32%        N/A       10%         1
b - Spider Form           Tmut/Pois      9%         N/A       43%         3

Your spell library contained the following spells:

 Spells                   Type           Power      Damage    Failure   Level
 Wereblood                Tmut           16%        N/A       13%         2
 Magic Dart               Conj           8%         1d3       43%         1
 Call Imp                 Summ           2%         N/A       54%         2
 Mephitic Cloud           Conj/Pois/Air  2%         N/A       75%         3
 Ice Form                 Ice/Tmut       9%         N/A       78%         4


Dungeon Overview and Level Annotations

Branches:
Dungeon (3/15)

Altars:
Fedhas
Ru

Shops:
D:3 ?

Annotations:
D:3 Grinder


Innate Abilities, Weirdness & Mutations

You are a venomous arachnid creature.
You have poisonous fangs.
You are tiny and dextrous.
Your spellcasting is less reliable in this form.
Your armour is entirely melded.
You are incapable of wielding weapons or throwing items.
((You are very nimble when in or above water. (Stealth+, EV+, Speed+++)))
((Your lower body shifts to a powerful aquatic tail in water.))


Message History

Grinder is nearby!
Grinder is nearby!
Grinder is nearby!
You open the door.
There is an open door here.
You start resting.
You start resting.
A black bear is nearby!
A black bear is nearby!
A black bear is nearby!
Casting: Spider Form (quite dangerous; 22% risk of failure)
Confirm with . or Enter, or press ? or * to list all spells.
Okay, then.
Casting: Spider Form (quite dangerous; 22% risk of failure)
Confirm with . or Enter, or press ? or * to list all spells.
The spell is quite dangerous to miscast (22% risk of failure)!
Continue anyway?
You turn into a venomous arachnid creature.
Your +3 dagger melds into your body.
Your +0 robe melds into your body.
The black bear growls angrily.
You hear an angry hiss.
You hit the black bear.
The black bear is lightly wounded.
The black bear misses you. x2; The black bear completely misses you.
You hit the black bear but do no damage.
The black bear is lightly wounded.
The black bear bites you. The black bear closely misses you.
The black bear claws you.
You hit the black bear.
The black bear is moderately wounded.
The black bear bites you.
* * * LOW HITPOINT WARNING * * *
The black bear claws you.
* * * LOW HITPOINT WARNING * * *
The black bear completely misses you.
You hit the black bear.
The black bear is poisoned.
The black bear is heavily wounded.
You hit the black bear.
The black bear looks as sick as possible!
The black bear is almost dead.
The black bear bites you!
You die...

...........#.#
5...#..[...#.# ...
...####......# ...
...# #......# ..
...# #.#.#..# ..
...# #..∩...# .#
...# ###.##.# .#
#########..#'####.#
## #.....#.....hs.#
.###.###.#.....####
.#.....#.#.....#
.#.#.#.#.#.....#
.#.#.#.#.#.....#
.#.#.#.#.#.....#
.#.#.#...#.....#
.#.#.#####.....#
.#...#...#


You could see a black bear (extremely poisoned).

Vanquished Creatures
  2 adders (D:2)
  A worm (D:2)
  A dart slug (D:2)
  3 orcs (D:3)
  7 ball pythons
  7 endoplasms
  7 giant cockroaches
  4 goblins
  4 hobgoblins
  4 quokkas
  2 bats
  3 frilled lizards (D:2)
  5 rats
50 creatures vanquished.

Notes
Turn   | Place    | Note
-------+----------+-------------------------------------------
     0 | D:1      | Bruhh the Merfolk Transmuter began the quest for the Orb.
     0 | D:1      | Reached XP level 1. HP: 15/15 MP: 3/3
   402 | D:1      | Reached skill level 3 in Transmutations
   513 | D:1      | Reached XP level 2. HP: 7/21 MP: 3/5
  1250 | D:1      | Found a faded altar of an unknown god.
  1578 | D:2      | Reached XP level 3. HP: 26/26 MP: 6/6
  2051 | D:2      | Reached skill level 4 in Transmutations
  2646 | D:2      | Reached XP level 4. HP: 17/32 MP: 6/8
  2961 | D:1      | Learned a level 3 spell: Spider Form
  3739 | D:3      | Found a blossoming altar of Fedhas.
  3739 | D:3      | Found a sacrificial altar of Ru.
  3830 | D:3      | Reached skill level 5 in Transmutations
  4070 | D:3      | Found Heuny's Magic Scroll Boutique.
  4125 | D:3      | Noticed Grinder
  4128 | D:3      | Paralysed by Grinder for 6 turns
  4128 | D:3      | Noticed a black bear
  4145 | D:3      | HP: 1/32 [Grinder/nerve-wracking pain (11)]
  4290 | D:3      | Slain by a black bear

Illustrated notes

Levels and vault maps discovered:
D:1:      erik_arrival_cave_to_civilisation [erik_arrival_cave_to_hall],
          layout_basic, basic_ecumenical_altar, kennysheep_small_spiral,
          chequers_serial_rivers_large_a, minmay_misc_feat_square
D:2:      minmay_recursive_quarters, layout_loops_corners,
          hangedman_decor_riveting, minmay_surrounded
D:3:      layout_basic, amethyst_overflow_temple_binary, serial_shops,
          nicolae_shop_crystal, mrwooster_statue_mirror,
          kennysheep_generic_room_4, uniq_grinder

Skill      XL: |  1  2  3  4 |
---------------+-------------+-----
Transmutations | 3 4 5 |  5.1
Spellcasting   | 3 |  3.0
Fighting       | |  1.1
Dodging        | |  2.6
Unarmed Combat | |  3.2

Action                   |  1- 3 |  4- 6 || total
-------------------------+-------+-------++-------
Melee: Dagger            |   103 |    50 ||   153
       Unarmed           |     9 |    10 ||    19
       Headbutt          |    15 |     5 ||    20
       Punch             |     4 |     1 ||     5
 Cast: Beastly Appendage |    18 |    10 ||    28
       Spider Form       |       |     3 ||     3
 Stab: Sleeping          |       |     1 ||     1
Armor: Robe              |    16 |     8 ||    24
Dodge: Dodged            |    76 |    37 ||   113
